 Dungeon Crawl Stone Soup version 0.27-a0-676-gc1da3516c2 (webtiles) character file.

Game seed: 6073108635112311948

22514 Tiny the Slinger (level 12, -3/56 HPs)
             Began as a Spriggan Fighter on Mar 18, 2021.
             Was a High Priest of Nemelex Xobeh.
             Slain by a sixfirhy (9 damage)
             ... on level 2 of the Orcish Mines.
             The game lasted 01:38:46 (20782 turns).

Tiny the Slinger (Spriggan Fighter)                Turns: 20782, Time: 01:38:47

Health: -3/56      AC: 11    Str: 22    XL:     12   Next: 63%
Magic:  21/21      EV: 21    Int:  9    God:    Nemelex Xobeh [*****.]
Gold:   708        SH:  0    Dex: 16    Spells: 5/16 levels left

rFire    + . .     SeeInvis +   p - +3 quarterstaff (chaos)
rCold    . . .     Faith    .   (shield currently unavailable)
rNeg     . . .     Spirit   .   W - +2 troll leather armour {regen}
rPois    .         Reflect  .   (helmet restricted)
rElec    .         Harm     .   l - +1 cloak
rCorr    .         Rampage  .   (gloves unavailable)
Will     ++...                  (boots unavailable)
Stlth    ++++......             R - amulet of regeneration
HPRegen  2.18/turn              F - ring of protection from fire
MPRegen  0.17/turn              V - +6 ring of strength

@: very quick
A: very small, no large weapons, unfitting armour, see invisible, speed 3,
iridescent scales 1, agile 1, dopey 1
a: Renounce Religion, Draw Escape, Draw Destruction, Draw Summoning, Triple
Draw, Deal Four, Stack Five


You were on level 2 of the Orcish Mines.
You worshipped Nemelex Xobeh.
Nemelex Xobeh was extremely pleased with you.
You visited 2 branches of the dungeon, and saw 13 of its levels.
You also visited: Sewer and Ossuary.

You collected 1301 gold pieces.
You spent 593 gold pieces at shops.

Inventory:

Hand Weapons
 g - a +1 dagger of holy wrath
 o - a +0 hunting sling
 p - a +3 quarterstaff of chaos (weapon)
 r - a +2 dagger of speed
 H - a +1 whip of electrocution
 N - a +0 dagger of venom
 P - a +0 dagger of electrocution
Missiles
 c - 106 sling bullets
 q - 57 poisoned darts (quivered)
 O - 39 boomerangs
 Q - 234 stones
Armour
 l - a +1 cloak (worn)
 T - a +1 robe of cold resistance {rC+}
 W - a +2 troll leather armour (worn) {regen}
Jewellery
 F - a ring of protection from fire (right hand)
 I - a ring of protection from cold
 M - a ring of protection from cold
 R - an amulet of regeneration (around neck)
 V - a +6 ring of strength (left hand)
Wands
 i - a wand of random effects (17)
 m - a wand of iceblast (6)
 B - a wand of flame (20)
 D - a wand of digging (4)
 K - a wand of polymorph (2)
Scrolls
 a - 2 scrolls of immolation {unknown}
 b - a scroll of torment {unknown}
 e - 2 scrolls of fear
 f - a scroll of fog
 j - 4 scrolls of amnesia
 k - 4 scrolls of summoning
 s - a scroll of random uselessness {unknown}
 u - 10 scrolls of teleportation
 y - 4 scrolls of magic mapping {!r}
 A - a scroll of noise {unknown}
 E - a scroll of vulnerability {unknown}
 J - 3 scrolls of enchant weapon {unknown}
 U - a scroll of holy word {unknown}
Potions
 d - 5 potions of might
 h - 5 potions of heal wounds
 n - 3 potions of magic
 t - 2 potions of invisibility
 v - 4 potions of haste
 w - 8 potions of curing
 x - 5 potions of brilliance
 G - 2 potions of flight
 L - a potion of lignification {unknown}


   Skills:
 - Level 2.4 Fighting
 - Level 1.3 Polearms
 - Level 12.0 Slings
 - Level 1.1(6.5) Throwing
 * Level 6.8 Armour
 - Level 8.0 Dodging
 - Level 10.3 Stealth
 - Level 2.1 Shields
 - Level 2.5 Spellcasting
 - Level 6.0 Hexes
 - Level 5.4 Translocations
 - Level 2.4 Fire Magic
 - Level 11.0 Invocations
 + Level 5.2 Evocations


You had 5 spell levels left.
You knew the following spells:

 Your Spells              Type           Power      Damage    Failure   Level
a - Tukima's Dance        Hex            12%        N/A       9%          3
b - Blink                 Tloc           N/A        N/A       5%          2
c - Portal Projectile     Hex/Tloc       22%        N/A       10%         3
d - Inner Flame           Hex/Fire       8%         N/A       19%         3

Your spell library contained the following spells:

 Spells                   Type           Power      Damage    Failure   Level
 Corona                   Hex            13%        N/A       3%          1
 Slow                     Hex            12%        N/A       4%          2
 Confusing Touch          Hex            12%        N/A       9%          3
 Ensorcelled Hibernation  Hex/Ice        12%        N/A       16%         2
 Cause Fear               Hex            6%         N/A       28%         4
 Dazzling Flash           Conj/Hex       12%        N/A       30%         3
 Magic Dart               Conj           4%         1d3       34%         1
 Call Imp                 Summ           1%         N/A       47%         2
 Conjure Flame            Conj/Fire      3%         6-21      54%         3
 Mephitic Cloud           Conj/Pois/Air  1%         N/A       71%         3
 Leda's Liquefaction      Hex/Erth       3%         N/A       71%         4


Dungeon Overview and Level Annotations

Branches:
Dungeon (11/15)            Temple (0/1) D:7            Lair (0/6) D:8
    Orc (2/2) D:11            Elf (0/3) Orc:2         Sewer (visited)
Ossuary (visited)

Altars:
Ashenzari
Dithmenos
Fedhas
Gozag
Makhleb
Nemelex Xobeh
Okawaru
Ru
Sif Muna
Trog
Yredelemnul
The Shining One

Shops:
D:7 ?   Orc:1 :   Orc:2 !*

Annotations:
Orc:2 1 runed translucent door, Jano's ghost, journeyman GnFE


Innate Abilities, Weirdness & Mutations

You are very small and have problems with some larger weapons.
You are too small for most types of armour.
You have supernaturally acute eyesight. (SInv)
You cover ground extremely quickly. (Speed+++)
You are partially covered in iridescent scales. (AC +2)
You are agile. (Dex +2)
You are dopey. (Int -2)


Message History

The sixfirhy hits you but does no damage.
The sixfirhy hits you. The sixfirhy shocks you!
The sixfirhy hits you but does no damage.
You take 15 damage, and have 33/56 hp.
MASSIVE DAMAGE!!
Unknown command.
Your +3 quarterstaff of chaos is briefly surrounded by a scintillating aura of random colours.
p - a +3 quarterstaff of chaos (weapon)
The sixfirhy hits you but does no damage.
The sixfirhy barely misses you.
You barely miss the sixfirhy. The sixfirhy hits you. The sixfirhy shocks you!
* * * LOW HITPOINT WARNING * * *
The sixfirhy barely misses you.
You take 13 damage, and have 21/56 hp.
MASSIVE DAMAGE!!
Unknown command.
You miss the sixfirhy.
You regained 3 hp, and now have 24/56 hp.
You miss the sixfirhy. The sixfirhy hits you!
* * * LOW HITPOINT WARNING * * *
The sixfirhy shocks you!
* * * LOW HITPOINT WARNING * * *
The sixfirhy misses you.
You take 22 damage, and have 2/56 hp.
MASSIVE DAMAGE!!
Unknown command.
You feel much better. The sixfirhy barely misses you.
The sixfirhy closely misses you. The sixfirhy hits you.
* * * LOW HITPOINT WARNING * * *
The sixfirhy shocks you!
* * * LOW HITPOINT WARNING * * *
The sixfirhy barely misses you.
You regained 11 hp, and now have 13/56 hp.
You hit the sixfirhy.
The sixfirhy hits you but does no damage.
The sixfirhy hits you!
* * * LOW HITPOINT WARNING * * *
The sixfirhy shocks you!
You die...
Your body glows slightly and disappears.

.#.#
####..##
#.##
##..#### ###
##..###.##
##).###(..#
##)[###.#)#
##).###.).#
##[[###[..#
##)[###...##
##))[.@3..##
##..[.#...##
##...#....##
##∩.#.....##
#.....#..##
.
##∩.#.....##
..
##...#....##
#4#
##....#...##
#.o.
##........##
#o..#


You could see a sixfirhy (corroded).

Levels and vault maps discovered:
D:1:      eino_arrival_water_star, layout_basic, columned_hall_lemuel,
          nemelex_diamond_rough_becter
D:2:      layout_loops_ring, overflow_temple_1_default, lemuel_doored_altar,
          uniq_crazy_yiuf_cottage
D:3:      layout_loops_corners, nicolae_ru_path_of_blood,
          nicolae_overflow_crystal_walls,
          nicolae_dithmenos_through_a_glass_darkly,
          amcnicky_mini_corridor_feature
D:4:      layout_gridville, ashenzari_conservatory_becter,
          nicolae_ossuary_entry_monument, minmay_bisected, uniq_natasha
D:5:      layout_loops_cross, ebering_ghost_sewer_f, gup_sewer_entry_bowl,
          kennysheep_boxes, uniq_blork_the_orc
D:6:      minmay_chambers_of_sixes, layout_basic, basic_altar, abandoned_shop,
          uniq_edmund, uniq_duvessa
D:7:      layout_loops_ring, kennysheep_mini, tso_oasis_becter, temple_statues,
          basic_altar, serial_shops, nicolae_shop_stone, roderic_lattice_a
D:8:      layout_loops_ring, makhleb_grotto_becter, kennysheep_mini_moat,
          lair_entry_dummy, minmay_lindwurm_lava
D:9:      layout_roguey
D:10:     layout_irregular_city, basic_altar, lemuel_flamethrower_2,
          uniq_josephine, uniq_fannar
D:11:     layout_cave_pools, orc_0_dummy
Orc:1:    layout_caves, serial_shops, nicolae_shop_statue_plus
Orc:2:    pf_orc_diabolical, layout_diamond_mine, basic_altar,
          gammafunk_ghost_grave

Notes
Turn   | Place    | Note
-------+----------+-------------------------------------------
     0 | D:1      | Tiny the Spriggan Fighter began the quest for the Orb.
     0 | D:1      | Reached XP level 1. HP: 11/11 MP: 2/2
    12 | D:1      | Identified a +0 club
    57 | D:1      | Reached skill level 1 in Throwing
   152 | D:1      | Reached skill level 1 in Stealth
   179 | D:1      | Reached XP level 2. HP: 14/16 MP: 3/3
   183 | D:1      | Reached skill level 2 in Stealth
   252 | D:1      | Identified a +0 club
   293 | D:1      | Reached skill level 3 in Stealth
   416 | D:1      | Identified a +0 dagger
   426 | D:1      | Identified an amulet of regeneration
   449 | D:1      | Identified a +1 dagger of holy wrath
   453 | D:1      | Reached XP level 3. HP: 19/19 MP: 4/4
   454 | D:1      | Identified a +0 club
   465 | D:1      | Reached skill level 1 in Slings
   486 | D:1      | Identified a +0 club
   589 | D:1      | Identified a +0 dagger
   622 | D:1      | Learned a level 2 spell: Blink
   644 | D:1      | Identified a +2 pair of boots
   673 | D:1      | Found a sparkling altar of Nemelex Xobeh.
   709 | D:1      | Became a worshipper of Nemelex Xobeh the Trickster
   734 | D:1      | Identified a +0 club
   741 | D:1      | Identified a +0 dagger
   932 | D:1      | Found a sparkling altar of Nemelex Xobeh.
  1351 | D:2      | Identified a +0 hand axe
  1422 | D:2      | Reached skill level 1 in Invocations
  1452 | D:2      | Found a blossoming altar of Fedhas.
  1460 | D:2      | Identified a +0 short sword
  1540 | D:2      | Identified a +0 spear
  1561 | D:2      | Identified a +0 club
  1617 | D:2      | Reached XP level 4. HP: 23/23 MP: 4/6
  1692 | D:2      | Found a shimmering blue altar of Sif Muna.
  1733 | D:2      | Found a runed translucent door.
  1734 | D:2      | Identified a +3 quarterstaff of chaos
  1734 | D:2      | Identified a +1 cloak
  1734 | D:2      | Noticed Crazy Yiuf
  1785 | D:2      | Reached skill level 2 in Slings
  1887 | D:2      | Identified a +0 hunting sling
  1887 | D:2      | Identified a +0 dagger
  1953 | D:2      | Identified a +0 robe
  2198 | D:2      | Killed Crazy Yiuf
  2199 | D:2      | Reached skill level 2 in Invocations
  2338 | D:3      | Identified a +0 trident
  2338 | D:3      | Identified a +0 leather armour
  2338 | D:3      | Identified a +0 dagger
  2338 | D:3      | Identified a +0 ring mail
  2338 | D:3      | Identified a +0 whip
  2439 | D:3      | Found a shadowy altar of Dithmenos.
  2479 | D:3      | Reached * piety under Nemelex Xobeh
  2508 | D:3      | Identified a +0 falchion
  2508 | D:3      | Identified a +0 leather armour
  2511 | D:3      | Reached skill level 3 in Slings
  2593 | D:3      | Identified a +0 dagger
  2593 | D:3      | Identified a +0 robe
  2595 | D:3      | Identified a +0 dagger
  2760 | D:2      | Reached XP level 5. HP: 25/27 MP: 7/7
  2765 | D:3      | Identified a +0 club
  2765 | D:3      | Identified a +0 leather armour
  2785 | D:3      | Identified a +0 club
  2951 | D:3      | Found a sacrificial altar of Ru.
  2962 | D:3      | Identified a +0 leather armour
  3013 | D:3      | Identified a +0 whip
  3063 | D:3      | Found an opulent altar of Gozag.
  3063 | D:3      | Identified a +0 club
  3176 | D:3      | Identified a +2 dagger of speed
  3237 | D:3      | Received a gift from Nemelex Xobeh
  3456 | D:3      | Identified a +0 club
  3621 | D:3      | Found an opulent altar of Gozag.
  3728 | D:3      | Found a shadowy altar of Dithmenos.
  3980 | D:3      | Found a sacrificial altar of Ru.
  4242 | D:4      | Found a broken altar of Ashenzari.
  4244 | D:4      | Noticed Natasha
  4268 | D:4      | Found a sand-covered staircase.
  4275 | Ossuary  | Entered an ossuary
  4342 | Ossuary  | Reached skill level 4 in Slings
  4617 | Ossuary  | Reached skill level 3 in Invocations
  4617 | Ossuary  | Reached XP level 6. HP: 32/32 MP: 9/9
  4682 | Ossuary  | Identified 5 scrolls of identify
  4682 | Ossuary  | Identified 2 potions of brilliance
  4683 | Ossuary  | Identified 2 potions of heal wounds
  4684 | Ossuary  | Identified 2 scrolls of fear
  4685 | Ossuary  | Identified 2 scrolls of summoning
  4686 | Ossuary  | Identified 2 potions of haste
  4749 | D:4      | Identified a +0 mace
  4749 | D:4      | Identified a +0 leather armour
  4750 | D:4      | Identified a +0 dagger
  4750 | D:4      | Identified a +0 robe
  4766 | D:4      | Identified a +0 dagger
  4813 | D:4      | Reached skill level 5 in Slings
  4986 | D:4      | Identified a +0 scale mail
  4990 | D:4      | Reached ** piety under Nemelex Xobeh
  5042 | D:4      | Identified a +0 flail
  5042 | D:4      | Identified a +0 short sword
  5058 | D:4      | Reached skill level 6 in Slings
  5058 | D:4      | Reached XP level 7. HP: 35/35 MP: 10/10
  5059 | D:4      | Identified a +0 short sword
  5060 | D:4      | Identified a +0 flail
  5060 | D:4      | Identified a +0 chain mail
  5069 | D:4      | Noticed Natasha
  5069 | D:4      | Natasha changed into Natasha the jackal
  5073 | D:4      | Killed Natasha the jackal
  5149 | D:4      | Noticed Natasha
  5162 | D:4      | Killed Natasha
  5197 | D:4      | Found a broken altar of Ashenzari.
  5241 | D:4      | Noticed Natasha
  5249 | D:4      | Killed Natasha
  5250 | D:4      | Reached skill level 4 in Invocations
  5525 | D:5      | Entered Level 5 of the Dungeon
  5594 | D:5      | Found a runed translucent door.
  5597 | D:5      | Noticed loom's ghost (novice TrMo)
  5615 | D:5      | Reached skill level 7 in Slings
  5620 | D:5      | Identified a +0 glaive
  5620 | D:5      | Identified a +0 robe
  5620 | D:5      | Noticed Blork the orc
  5667 | D:5      | Found a runed translucent door.
  5669 | D:5      | Identified a +0 trident
  5782 | D:5      | Identified a +0 leather armour
  5916 | D:5      | Found a glowing drain.
  5920 | Sewer    | Entered a sewer
  5950 | Sewer    | Received a gift from Nemelex Xobeh
  5986 | Sewer    | Identified a +0 short sword
  5986 | Sewer    | Identified a +0 dagger of venom
  5986 | Sewer    | Identified a +0 short sword
  6010 | Sewer    | Identified 5 potions of curing
  6068 | Sewer    | Identified a +0 dagger
  6068 | Sewer    | Identified a +0 dagger
  6182 | Sewer    | Identified a +0 short sword
  6182 | Sewer    | Identified a +0 short sword of electrocution
  6182 | Sewer    | Identified a +0 dagger
  6271 | Sewer    | Noticed a glowing shapeshifter
  6271 | Sewer    | a river rat changed into a glowing shapeshifter
  6271 | Sewer    | Noticed a dream sheep
  6271 | Sewer    | a glowing shapeshifter changed into a dream sheep
  6277 | Sewer    | a dream sheep changed into a swamp worm
  6279 | Sewer    | Noticed a snapping turtle
  6279 | Sewer    | a swamp worm changed into a snapping turtle
  6290 | Sewer    | Noticed a sea snake
  6298 | Sewer    | Noticed a cyclops
  6313 | Sewer    | Noticed a two-headed ogre
  6327 | Sewer    | Noticed a glowing orange brain
  6331 | Sewer    | Noticed a faun
  6369 | Sewer    | Noticed a yaktaur
  6390 | Sewer    | Noticed a human
  6407 | Sewer    | a human changed into a sky beast
  6464 | Sewer    | Noticed a wyvern
  6466 | Sewer    | a wyvern changed into an ogre
  6469 | Sewer    | Noticed a steam dragon
  6469 | Sewer    | an ogre changed into a steam dragon
  6470 | Sewer    | a steam dragon changed into a killer bee
  6481 | Sewer    | Reached skill level 8 in Slings
  6527 | Sewer    | Identified a +0 club
  6527 | Sewer    | Identified a +0 club
  6527 | Sewer    | Identified a +0 short sword
  6527 | Sewer    | Identified a +1 whip of electrocution
  6905 | D:5      | Reached skill level 5 in Invocations
  6905 | D:5      | Reached XP level 8. HP: 39/39 MP: 12/12
  6999 | D:5      | Identified a ring of protection from fire
  7176 | D:5      | Identified a +0 club
  7194 | D:5      | Identified a +0 giant spiked club
  7200 | D:5      | Reached skill level 9 in Slings
  7278 | D:5      | HP: 7/39 [loom's ghost (25)]
  7351 | D:5      | HP: 9/39 [loom's ghost (15)]
  7407 | D:5      | Killed loom's ghost
  7408 | D:5      | Reached skill level 10 in Slings
  7408 | D:5      | Reached skill level 6 in Invocations
  7745 | D:5      | Killed Blork the orc
  7868 | D:6      | Identified 4 scrolls of amnesia
  7898 | D:6      | Identified a +4 dagger of electrocution
  7898 | D:6      | Identified a +0 robe
  7898 | D:6      | Noticed Dowan
  7905 | D:6      | Killed Dowan
  7906 | D:6      | Identified a +0 short sword
  7906 | D:6      | Identified a +0 chain mail
  7906 | D:6      | Noticed Duvessa
  8021 | D:6      | Reached XP level 9. HP: 42/43 MP: 14/14
  8135 | D:6      | Identified a +0 dagger
  8139 | D:6      | Identified a +0 hand axe
  8139 | D:6      | Identified a +0 plate armour
  8161 | D:6      | Reached skill level 11 in Slings
  8283 | D:6      | Identified a ring of protection from cold
  8321 | D:6      | Identified a +0 falchion
  8363 | D:6      | Identified a +0 shortbow
  8403 | D:6      | Reached *** piety under Nemelex Xobeh
  8403 | D:6      | Received a gift from Nemelex Xobeh
  8482 | D:6      | Identified a +3 flail of draining
  8482 | D:6      | Identified a +0 chain mail
  8482 | D:6      | Noticed Edmund
  8535 | D:6      | HP: 9/39 [Edmund/+3 flail of draining (6)]
  8550 | D:6      | Killed Edmund
  8551 | D:6      | Reached skill level 7 in Invocations
  8622 | D:6      | Identified a +0 hand axe
  8623 | D:6      | Identified a +1 dagger of venom
  8623 | D:6      | Identified a +0 robe
  8625 | D:6      | Identified a +0 dagger
  8625 | D:6      | Identified a +0 robe
  8626 | D:6      | Identified a +0 halberd
  8626 | D:6      | Identified a +0 plate armour
  8628 | D:6      | Identified a +0 mace
  8656 | D:6      | Found a bloodstained altar of Trog.
  8657 | D:6      | Identified a +0 short sword
  8723 | D:6      | Learned a level 3 spell: Tukima's Dance
  8787 | D:6      | HP: 9/43 [killer bee (10)]
  8796 | D:6      | HP: 10/43 [poisoned by a killer bee]
  8801 | D:6      | HP: 5/43 [killer bee (7)]
  8963 | D:6      | Identified 3 scrolls of magic mapping
  9012 | D:6      | Identified a +0 long sword
  9055 | D:6      | Identified a +0 dagger
  9100 | D:6      | Identified a +3 whip
  9142 | D:6      | Killed Duvessa
  9143 | D:6      | Reached skill level 12 in Slings
  9496 | D:6      | Found a bloodstained altar of Trog.
 10158 | D:7      | Found a sparkling altar of Nemelex Xobeh.
 10160 | D:7      | Identified a +0 dagger
 10160 | D:7      | Identified a +0 robe
 10161 | D:7      | Identified a +0 hand axe
 10168 | D:7      | Identified a +0 halberd
 10168 | D:7      | Identified a +0 robe
 10168 | D:7      | Identified a +0 spear
 10168 | D:7      | Identified a +0 robe
 10173 | D:7      | Identified a +2 battleaxe
 10173 | D:7      | Identified a +0 robe
 10177 | D:7      | Reached skill level 1 in Translocations
 10331 | D:7      | Found a basalt altar of Yredelemnul.
 10388 | D:7      | Identified a +0 leather armour
 10418 | D:7      | Identified a +0 mace
 10437 | D:7      | Identified a +0 trident
 10440 | D:7      | Reached skill level 2 in Translocations
 10544 | D:7      | Reached skill level 3 in Translocations
 10603 | D:7      | Identified a +0 ring mail
 10685 | D:7      | Identified 3 potions of magic
 10701 | D:7      | Identified a +0 dagger of electrocution
 10701 | D:7      | Identified a +0 leather armour
 10720 | D:7      | Reached skill level 4 in Translocations
 10803 | D:7      | Found a glowing golden altar of the Shining One.
 10822 | D:7      | Identified a +0 ring mail
 10956 | D:7      | Found Tycaewela's Magic Scroll Shoppe.
 10959 | D:7      | Found a staircase to the Ecumenical Temple.
 10959 | D:7      | Identified a +0 giant spiked club
 10983 | D:7      | Reached skill level 2 in Hexes
 11022 | D:7      | Reached skill level 3 in Hexes
 11022 | D:7      | Reached skill level 8 in Invocations
 11034 | D:7      | Bought a scroll of teleportation for 45 gold pieces
 11034 | D:7      | Bought a scroll of fog for 30 gold pieces
 11034 | D:7      | Bought a scroll of identify for 30 gold pieces
 11034 | D:7      | Bought a scroll of identify for 30 gold pieces
 11034 | D:7      | Identified 2 potions of degeneration
 11036 | D:7      | Identified 2 scrolls of enchant armour
 11115 | D:7      | Identified a +0 hand axe
 11288 | D:7      | Identified a +0 long sword
 11288 | D:7      | Identified a +0 chain mail
 11288 | D:7      | Identified a +0 hand axe
 11288 | D:7      | Identified a +0 club
 11290 | D:7      | Identified a +0 flail
 11290 | D:7      | Identified a +0 ring mail
 11310 | D:7      | HP: 9/43 [orc warrior/+0 long sword (18)]
 11479 | D:7      | Found a basalt altar of Yredelemnul.
 11490 | D:7      | Found a sparkling altar of Nemelex Xobeh.
 11536 | D:7      | Found a glowing golden altar of the Shining One.
 11655 | D:7      | Found Tycaewela's Magic Scroll Shoppe.
 11675 | D:7      | Found a staircase to the Ecumenical Temple.
 12210 | D:8      | Reached **** piety under Nemelex Xobeh
 12216 | D:8      | Received a gift from Nemelex Xobeh
 12265 | D:8      | Reached skill level 4 in Hexes
 12265 | D:8      | Reached XP level 10. HP: 44/47 MP: 17/17
 12354 | D:8      | Found a staircase to the Lair.
 12411 | D:8      | Reached skill level 5 in Hexes
 12468 | D:8      | Identified 2 potions of invisibility
 12602 | D:8      | Learned a level 3 spell: Portal Projectile
 12684 | D:8      | Identified a +0 dagger
 12684 | D:8      | Identified a +0 robe
 12697 | D:8      | Identified a +0 trident
 12701 | D:8      | Identified a +0 dagger
 12705 | D:8      | Identified a +0 war axe
 12705 | D:8      | Identified a +0 ring mail
 12710 | D:8      | Identified a +0 whip
 12724 | D:8      | HP: 7/47 [orc priest/+0 war axe (14)]
 12981 | D:8      | Found a burning altar of Makhleb.
 13016 | D:8      | Identified a +0 dagger
 13017 | D:8      | Identified a +0 short sword
 13017 | D:8      | Identified a +0 dagger
 13017 | D:8      | Identified a +1 whip of venom
 13022 | D:8      | Identified a +0 whip
 13081 | D:8      | Reached skill level 6 in Hexes
 13220 | D:8      | Found an iron altar of Okawaru.
 13222 | D:8      | Noticed a cyclops
 13295 | D:8      | Killed a cyclops
 13296 | D:8      | Reached skill level 5 in Translocations
 13396 | D:8      | Noticed a lindwurm
 13399 | D:8      | Noticed a lindwurm
 13424 | D:8      | Noticed a cyclops
 13424 | D:8      | a lindwurm changed into a cyclops
 13427 | D:8      | Noticed a lindwurm
 13429 | D:8      | Noticed a lindwurm
 13431 | D:8      | Killed a cyclops
 13432 | D:8      | Reached skill level 2 in Spellcasting
 13432 | D:8      | Reached skill level 9 in Invocations
 13437 | D:8      | a lindwurm changed into a komodo dragon
 13445 | D:8      | Killed a lindwurm
 13446 | D:8      | Reached skill level 5 in Dodging
 13522 | D:8      | Killed a lindwurm
 13523 | D:8      | Reached skill level 6 in Dodging
 13586 | D:9      | Identified a +0 whip
 13604 | D:9      | Identified a +0 dagger
 13604 | D:9      | Identified a +0 trident
 13604 | D:9      | Identified a +0 scale mail
 13604 | D:9      | Identified a +0 whip of flaming
 13644 | D:9      | Identified a +2 falchion of protection
 13644 | D:9      | Identified a +0 club
 13644 | D:9      | Identified a +0 dagger
 13644 | D:9      | Identified a +0 robe
 13803 | D:9      | Reached skill level 7 in Dodging
 13809 | D:9      | Identified a +2 shortbow of flaming
 13856 | D:9      | Identified a +0 giant club
 13975 | D:9      | Identified a +0 giant club
 14023 | D:9      | Received a gift from Nemelex Xobeh
 14100 | D:9      | Reached skill level 8 in Dodging
 14130 | D:9      | Reached skill level 4 in Stealth
 14130 | D:9      | Reached XP level 11. HP: 33/51 MP: 19/19
 14361 | D:9      | Reached skill level 5 in Stealth
 14379 | D:9      | Identified a +0 club
 14585 | D:9      | Reached skill level 6 in Stealth
 14603 | D:9      | Identified a +0 dire flail
 14603 | D:9      | Identified a +0 chain mail
 14603 | D:9      | Identified a +0 scale mail
 14603 | D:9      | Identified a +0 whip
 14603 | D:9      | Noticed an unseen horror
 14620 | D:9      | Killed an unseen horror
 14621 | D:9      | Reached skill level 7 in Stealth
 14621 | D:9      | Reached skill level 10 in Invocations
 14630 | D:9      | Noticed a harpy
 14630 | D:9      | a killer bee changed into a harpy
 14728 | D:9      | a harpy changed into a rime drake
 14865 | D:9      | Identified a +0 flail
 14865 | D:9      | Identified a +0 plate armour
 14865 | D:9      | Identified a +0 dagger
 14865 | D:9      | Identified a +0 robe
 14865 | D:9      | Identified a +0 dagger
 14865 | D:9      | Identified a +0 robe
 15117 | D:9      | Reached skill level 8 in Stealth
 15457 | D:10     | Entered Level 10 of the Dungeon
 15459 | D:10     | Reached ***** piety under Nemelex Xobeh
 15459 | D:10     | Received a gift from Nemelex Xobeh
 15575 | D:10     | Identified a +2 vorpal shortbow
 15671 | D:10     | Identified a +0 quarterstaff of freezing
 15671 | D:10     | Identified a +1 robe of cold resistance
 15671 | D:10     | Identified a ring of ice
 15671 | D:10     | Noticed Fannar
 15716 | D:10     | Reached skill level 9 in Stealth
 15844 | D:10     | Identified a +0 troll leather armour
 15926 | D:10     | Identified a +0 ring mail
 15992 | D:10     | Identified a +0 troll leather armour
 16017 | D:10     | Received a gift from Nemelex Xobeh
 16065 | D:10     | Identified a +0 dagger
 16065 | D:10     | Identified a +0 robe
 16065 | D:10     | Noticed Josephine
 16084 | D:10     | Identified a +0 giant club
 16208 | D:10     | Identified a +0 great mace
 16208 | D:10     | Identified a +2 dire flail of holy wrath
 16208 | D:10     | Noticed a two-headed ogre
 16248 | D:10     | Killed a two-headed ogre
 16249 | D:10     | Reached skill level 10 in Stealth
 16517 | D:10     | Found a blossoming altar of Fedhas.
 16525 | D:10     | Identified a +1 vampiric dagger
 16525 | D:10     | Identified a +0 leather armour
 16527 | D:10     | Identified a +0 dagger
 16527 | D:10     | Identified a +0 ring mail
 16528 | D:10     | Identified a +0 dagger
 16528 | D:10     | Identified a +0 robe
 16529 | D:10     | Identified a +0 whip
 16529 | D:10     | Identified a +0 scale mail
 16748 | D:10     | Reached skill level 1 in Armour
 16930 | D:10     | Identified the +0 long sword "Yvocsuatam" {speed, Dex+2}
 16932 | D:10     | Killed Josephine
 16933 | D:10     | Reached skill level 2 in Armour
 17064 | D:10     | Identified a +0 mace
 17072 | D:10     | Killed Fannar
 17174 | D:11     | Identified a +6 ring of strength
 17176 | D:11     | Identified a +0 shortbow
 17231 | D:11     | Found a staircase to the Orcish Mines.
 17236 | D:11     | Identified a +0 whip
 17236 | D:11     | Identified a +0 leather armour of fire resistance
 17238 | D:11     | Identified a +0 scimitar
 17238 | D:11     | Identified a +0 plate armour
 17239 | D:11     | Identified a +0 dagger
 17239 | D:11     | Identified a +0 robe
 17243 | D:11     | Identified a +0 club
 17243 | D:11     | Identified a +0 falchion
 17243 | D:11     | Identified a +0 chain mail
 17295 | D:11     | Identified a ring of see invisible
 17339 | D:11     | Noticed a boulder beetle
 17367 | D:11     | Killed a boulder beetle
 17368 | D:11     | Reached skill level 3 in Armour
 17368 | D:11     | Reached skill level 11 in Invocations
 17384 | D:11     | Received a gift from Nemelex Xobeh
 17429 | D:11     | Identified a +0 flail
 17429 | D:11     | Identified a +0 leather armour
 17429 | D:11     | Identified a +2 flail of holy wrath
 17429 | D:11     | Identified a +0 flail
 17431 | D:11     | Identified a +0 war axe
 17431 | D:11     | Identified a +0 chain mail
 17431 | D:11     | Identified a +0 trident
 17431 | D:11     | Identified a +0 hand axe
 17432 | D:11     | Identified a +0 club
 17432 | D:11     | Identified a +3 ring mail
 17433 | D:11     | Identified a +0 mace
 17433 | D:11     | Identified a +0 plate armour
 17462 | D:10     | Learned a level 3 spell: Inner Flame
 17566 | D:10     | Reached skill level 1 in Fire Magic
 17641 | D:11     | Identified a +0 dagger
 17641 | D:11     | Identified a +0 robe
 17693 | D:10     | Reached XP level 12. HP: 46/56 MP: 21/21
 17737 | D:11     | Identified a +0 dagger
 17737 | D:11     | Identified a +0 robe
 17740 | D:11     | Identified a +0 leather armour
 17746 | D:11     | Identified a +0 shortbow
 17755 | D:11     | Reached skill level 4 in Armour
 17758 | D:11     | Identified a +0 shortbow
 17765 | D:11     | Identified a +0 shortbow
 17784 | D:11     | Identified a +0 dagger
 18086 | Orc:1    | Entered Level 1 of the Orcish Mines
 18086 | Orc:1    | Found Pyxeyfox's Book Shoppe.
 18086 | Orc:1    | Identified a +0 dagger
 18086 | Orc:1    | Identified a +0 robe
 18086 | Orc:1    | Identified a +0 flail
 18086 | Orc:1    | Identified a +0 dagger
 18086 | Orc:1    | Identified a +0 robe
 18086 | Orc:1    | Identified a +1 flail of holy wrath
 18087 | Orc:1    | Identified a +0 club
 18087 | Orc:1    | Identified a +0 leather armour
 18119 | Orc:1    | Identified a +0 mace
 18121 | Orc:1    | Identified a +0 leather armour
 18124 | Orc:1    | Identified a +0 mace
 18124 | Orc:1    | Identified a +0 plate armour
 18152 | Orc:1    | Identified a +0 dagger
 18234 | Orc:1    | Identified a +0 giant spiked club
 18373 | Orc:2    | Entered Level 2 of the Orcish Mines
 18373 | Orc:2    | Identified a +0 giant club
 18376 | Orc:2    | Identified a +0 hand axe
 18377 | Orc:2    | Identified a +0 giant club
 18378 | Orc:2    | Identified a +0 mace
 18378 | Orc:2    | Identified a +0 chain mail
 18378 | Orc:2    | Identified a +0 club
 18383 | Orc:2    | Identified a +0 dagger
 18383 | Orc:2    | Identified a +0 robe
 18393 | Orc:2    | Identified a +0 giant club
 18393 | Orc:2    | Identified a +0 giant club
 18393 | Orc:2    | Noticed a two-headed ogre
 18412 | D:11     | Reached skill level 2 in Fire Magic
 18602 | Orc:1    | Killed a two-headed ogre
 18716 | Orc:2    | Received a gift from Nemelex Xobeh
 18716 | Orc:2    | Identified a +0 long sword
 18716 | Orc:2    | Identified a +0 plate armour
 18716 | Orc:2    | Identified a +0 dagger
 18717 | Orc:2    | Identified a +0 dagger
 18717 | Orc:2    | Identified a +0 robe
 18721 | Orc:2    | Identified a +2 hand axe of freezing
 18721 | Orc:2    | Identified a +0 scale mail
 18721 | Orc:2    | Identified a +0 dagger
 18721 | Orc:2    | Identified a +0 robe
 18742 | Orc:1    | HP: 10/56 [warg (14)]
 18806 | Orc:2    | Identified a +0 dagger
 18806 | Orc:2    | Identified a +0 robe
 18810 | Orc:2    | Reached skill level 5 in Armour
 18818 | Orc:2    | Identified a +0 war axe
 18818 | Orc:2    | Identified a +0 plate armour
 18824 | Orc:2    | Identified a +2 falchion of draining
 18827 | Orc:2    | Identified a +0 battleaxe
 18827 | Orc:2    | Identified a +0 chain mail
 18830 | Orc:2    | Identified a +0 short sword
 18830 | Orc:2    | Identified a +0 plate armour
 18830 | Orc:2    | Identified a +2 mace of protection
 18830 | Orc:2    | Identified a +0 ring mail
 18883 | Orc:1    | HP: 13/56 [orc warrior[an orc high priest] (15)]
 18917 | Orc:2    | Reached skill level 1 in Evocations
 18920 | Orc:2    | Identified a +0 leather armour
 18921 | Orc:2    | Identified a +0 long sword
 18921 | Orc:2    | Identified a +0 plate armour
 18923 | Orc:2    | Identified a +0 battleaxe
 18923 | Orc:2    | Identified a +0 chain mail
 18925 | Orc:2    | Identified a +0 hand axe
 18925 | Orc:2    | Identified a +0 glaive
 18925 | Orc:2    | Identified a +1 ring mail of cold resistance
 18925 | Orc:2    | Noticed an orc high priest
 18926 | Orc:2    | Identified a +0 dagger
 19011 | Orc:2    | HP: 12/56 [troll[an orc high priest] (6)]
 19159 | Orc:2    | Killed an orc high priest
 19160 | Orc:2    | Reached skill level 2 in Evocations
 19179 | Orc:2    | Identified a +0 giant club
 19227 | Orc:2    | Found a bloodstained altar of Trog.
 19230 | Orc:2    | Found a staircase to the Elven Halls.
 19262 | Orc:2    | Identified a +0 scimitar
 19262 | Orc:2    | Identified a +0 chain mail
 19263 | Orc:2    | Identified a +0 short sword
 19263 | Orc:2    | Identified a +0 ring mail
 19264 | Orc:2    | Identified a +0 falchion
 19264 | Orc:2    | Identified a +0 chain mail
 19266 | Orc:2    | Identified a +0 dagger
 19266 | Orc:2    | Identified a +0 robe
 19267 | Orc:2    | Identified a +0 mace
 19267 | Orc:2    | Identified a +0 leather armour
 19404 | Orc:2    | Identified a +0 dagger
 19405 | Orc:2    | Identified a +0 mace
 19433 | Orc:2    | Found a runed translucent door.
 19437 | Orc:2    | Noticed Jano's ghost (journeyman GnFE)
 19489 | Orc:1    | Identified a +0 broad axe
 19489 | Orc:1    | Identified a +0 plate armour
 19490 | Orc:1    | Identified a +0 leather armour
 19495 | Orc:1    | Identified a +0 giant spiked club
 19516 | Orc:1    | Identified a +0 giant club
 19551 | Orc:2    | Reached skill level 3 in Evocations
 19630 | Orc:2    | Identified a +0 falchion
 19635 | Orc:2    | Found Buatac's Distillery.
 19635 | Orc:2    | Identified a +0 morningstar
 19635 | Orc:2    | Identified a +0 club
 19635 | Orc:2    | Identified a +0 leather armour
 19635 | Orc:2    | Identified a +0 flail
 19635 | Orc:2    | Identified a +0 ring mail
 19682 | Orc:1    | Identified a +0 dagger
 19684 | Orc:1    | Identified a +0 hand axe
 19685 | Orc:1    | Identified a +0 dagger
 19685 | Orc:1    | Identified a +0 robe
 19685 | Orc:1    | Identified a +0 flail
 19685 | Orc:1    | Identified a +0 leather armour
 19723 | Orc:1    | Identified a +0 giant spiked club
 19725 | Orc:1    | Identified a +0 war axe
 19726 | Orc:1    | Identified a +0 leather armour
 19726 | Orc:1    | Identified a +1 dagger of draining
 19726 | Orc:1    | Identified a +0 robe
 19727 | Orc:1    | Identified a +0 long sword
 19727 | Orc:1    | Identified a +0 chain mail
 19727 | Orc:1    | Identified a +0 dagger
 19727 | Orc:1    | Identified a +0 robe
 19827 | Orc:1    | Received a gift from Nemelex Xobeh
 20002 | Orc:2    | Identified a +0 flail
 20004 | Orc:2    | Identified a +0 short sword
 20004 | Orc:2    | Identified a +0 chain mail
 20008 | Orc:2    | Identified a +0 flail
 20008 | Orc:2    | Identified a +0 scale mail
 20008 | Orc:2    | Identified a +0 trident
 20008 | Orc:2    | Identified a +0 scale mail
 20010 | Orc:2    | Identified a +0 battleaxe
 20010 | Orc:2    | Identified a +0 arbalest
 20010 | Orc:2    | Identified a +0 chain mail
 20011 | Orc:2    | Identified a +0 flail
 20017 | Orc:2    | Reached skill level 6 in Armour
 20019 | Orc:2    | Identified a +0 hand axe
 20019 | Orc:2    | Identified a +0 chain mail
 20022 | Orc:2    | Identified a +0 short sword
 20023 | Orc:2    | Identified a +0 flail
 20039 | Orc:2    | Reached skill level 4 in Evocations
 20042 | Orc:2    | Identified a +0 hand axe
 20043 | Orc:2    | Identified a +0 war axe
 20043 | Orc:2    | Identified a +0 chain mail
 20045 | Orc:2    | Identified a +0 leather armour
 20052 | Orc:2    | Identified a +0 flail
 20060 | Orc:2    | Identified a +0 club
 20060 | Orc:2    | Identified a +0 scale mail
 20218 | Orc:2    | Identified a +0 mace
 20218 | Orc:2    | Identified a +0 chain mail
 20221 | Orc:2    | Identified a +0 trident
 20221 | Orc:2    | Identified a +0 chain mail
 20222 | Orc:2    | Found Wafeure's General Store.
 20222 | Orc:2    | Identified a +0 mace
 20303 | Orc:2    | Identified a +0 scale mail
 20303 | Orc:2    | Identified a +0 hand axe
 20303 | Orc:2    | Identified a +0 leather armour
 20305 | Orc:2    | Identified a +0 battleaxe
 20305 | Orc:2    | Identified a +0 plate armour
 20364 | Orc:2    | HP: 10/53 [soul eater (5)]
 20461 | Orc:2    | Bought a potion of mutation for 96 gold pieces
 20461 | Orc:2    | Bought a potion of mutation for 96 gold pieces
 20461 | Orc:2    | Bought a potion of flight for 36 gold pieces
 20461 | Orc:2    | Bought a potion of heal wounds for 60 gold pieces
 20461 | Orc:2    | Gained mutation: You are frail. (-10% HP) [potion of
                  | mutation]
 20461 | Orc:2    | Gained mutation: You are strong-willed. (Will+) [potion of
                  | mutation]
 20461 | Orc:2    | Gained mutation: You expend magic power (3 MP) to
                  | strengthen your wands. [potion of mutation]
 20462 | Orc:2    | Lost mutation: You are strong-willed. (Will+) [potion of
                  | mutation]
 20462 | Orc:2    | Lost mutation: You expend magic power (3 MP) to strengthen
                  | your wands. [potion of mutation]
 20462 | Orc:2    | Lost mutation: You are frail. (-10% HP) [potion of
                  | mutation]
 20462 | Orc:2    | Gained mutation: You have large cloven feet. [potion of
                  | mutation]
 20462 | Orc:2    | Gained mutation: Your spells are a little harder to cast,
                  | but a little more powerful. [potion of mutation]
 20463 | Orc:2    | Lost mutation: Your spells are a little harder to cast, but
                  | a little more powerful. [potion of mutation]
 20463 | Orc:2    | Lost mutation: You have large cloven feet. [potion of
                  | mutation]
 20463 | Orc:2    | Gained mutation: You are dopey. (Int -2) [potion of
                  | mutation]
 20463 | Orc:2    | Gained mutation: You are partially covered in iridescent
                  | scales. (AC +2) [potion of mutation]
 20463 | Orc:2    | Gained mutation: You are agile. (Dex +2) [potion of
                  | mutation]
 20467 | Orc:2    | Bought 24 sling bullets for 120 gold pieces
 20467 | Orc:2    | Bought a potion of heal wounds for 50 gold pieces
 20468 | Orc:2    | Identified a +0 ring mail
 20490 | Orc:2    | Identified a +0 trident
 20495 | Orc:2    | Identified a +0 flail
 20495 | Orc:2    | Identified a +0 plate armour
 20495 | Orc:2    | Identified a +0 mace
 20495 | Orc:2    | Noticed an orc high priest
 20497 | Orc:2    | Identified a +2 demon trident of freezing
 20710 | Orc:2    | Identified a +0 battleaxe
 20710 | Orc:2    | Identified a +0 chain mail
 20738 | Orc:2    | Killed an orc high priest
 20739 | Orc:2    | Reached skill level 5 in Evocations
 20780 | Orc:2    | HP: 13/56 [sixfirhy (13)]
 20780 | Orc:2    | HP: 2/56 [sixfirhy (11)]
 20782 | Orc:2    | Slain by a sixfirhy

Table legend: (Time is in decaauts)
 A = Elapsed time spent in this place.
 B = Non-inter-level travel time spent in this place.
 C = Inter-level travel time spent in this place.
 D = Time resting spent in this place.
 E = Time spent auto-exploring this place.
 F = Levels seen in this place.
 G = Mean time per level.
                   A        B        C        D        E       F      G
               +--------+--------+--------+--------+--------+-----+--------+
         Total |  15086 |  14725 |    361 |   1162 |   7928 |  15 | 1005.7 |
       Dungeon |  12084 |  11742 |    342 |    756 |   6966 |  11 | 1098.5 |
  Orcish Mines |   1971 |   1953 |     18 |    159 |    709 |   2 |  985.5 |
         Sewer |    661 |    661 |      0 |    141 |    223 |   1 |  661.0 |
       Ossuary |    369 |    369 |      0 |    105 |     29 |   1 |  369.0 |
               +--------+--------+--------+--------+--------+-----+--------+

Top non-repeatable levels by time:
     D:6: 1638 daAuts
     D:9: 1477 daAuts
    D:10: 1326 daAuts
     D:3: 1259 daAuts
     D:7: 1232 daAuts
   Orc:2: 1125 daAuts
     D:8: 1044 daAuts
     D:5: 1036 daAuts
     D:1: 913 daAuts
   Orc:1: 846 daAuts
    D:11: 830 daAuts
     D:2: 735 daAuts
   Sewer: 661 daAuts
     D:4: 589 daAuts
 Ossuary: 369 daAuts

Table legend:
 A = Kills in this place as a percentage of kills in entire the game.
 B = Kills by you in this place as a percentage of kills by you in the entire game.
 C = Kills by friends in this place as a percentage of kills by friends in the entire game.
 D = Other kills in this place as a percentage of other kills in the entire game.
 E = Experience gained in this place as a percentage of experience gained in the entire game.
 F = Experience gained in this place divided by the number of levels of this place that you have seen.
                   A       B       C       D       E      F
               +-------+-------+-------+-------+-------+----------------------
         Total | 100.0 | 100.0 | 100.0 |   N/A | 100.0 | 2144.2
       Dungeon |  67.1 |  69.6 |  17.4 |   N/A |  71.3 | 2085.5
  Orcish Mines |  17.8 |  14.7 |  82.6 |   N/A |  27.3 | 4394.0
         Sewer |   9.7 |  10.2 |   0.0 |   N/A |   0.9 | 280.0
       Ossuary |   5.3 |   5.5 |   0.0 |   N/A |   0.5 | 155.0
               +-------+-------+-------+-------+-------+----------------------

Skill      XL: |  1  2  3  4  5  6  7  8  9 10 11 12 |
---------------+-------------------------------------+-----
Throwing       | 1 |  1.1
Stealth        | 1 3 4 10 | 10.3
Slings         | 1 3 4 6 8 10 12 | 12.0
Invocations    | 1 2 3 5 6 8 9 11 | 11.0
Translocations | 4 5 |  5.4
Hexes          | 4 6 |  6.0
Spellcasting   | 2 |  2.5
Dodging        | 8 |  8.0
Armour         | 3 6 |  6.8
Fire Magic     | 1 2 |  2.4
Evocations     | 5 |  5.2
Fighting       | |  2.4
Polearms       | |  1.3
Shields        | |  2.1

Action                   |  1- 3 |  4- 6 |  7- 9 | 10-12 || total
-------------------------+-------+-------+-------+-------++-------
Melee: Spear             |   195 |    20 |       |       ||   215
       Dagger            |       |   120 |     7 |    70 ||   197
       Quarterstaff      |       |    44 |   188 |     4 ||   236
       Whip              |       |       |   309 |  1068 ||  1377
 Fire: Hunting sling     |       |   160 |   197 |   283 ||   640
Throw: Boomerang         |     3 |       |       |       ||     3
       Dart              |       |     9 |     6 |    49 ||    64
 Cast: Blink             |       |       |     1 |     4 ||     5
       Tukima's Dance    |       |       |       |    61 ||    61
       Portal Projectile |       |       |       |     3 ||     3
Invok: Draw Destruction  |       |       |     1 |    18 ||    19
       Draw Summoning    |       |       |       |     3 ||     3
Evoke: Wand              |       |       |     3 |    11 ||    14
  Use: Scroll            |       |     5 |     6 |     3 ||    14
       Potion            |       |       |     2 |     5 ||     7
 Stab: Sleeping          |     5 |     5 |     9 |     5 ||    24
       Distracted        |       |       |     2 |     3 ||     5
       Paralysed         |       |       |     1 |       ||     1
Armor: Robe              |     9 |    22 |    66 |    47 ||   144
       Troll leather arm |       |       |       |   101 ||   101
Dodge: Dodged            |    93 |   178 |   550 |  1370 ||  2191
Block: Buckler           |    50 |    17 |       |       ||    67

Vanquished Creatures
  Josephine (D:10)
  A boulder beetle (D:11)
  2 orc high priests (Orc:2)
  A soul eater (Orc:2)
  An unseen horror (D:9)
  The ghost of loom the Ruffian, a novice TrMo of Okawaru (D:5)
  A wolf spider zombie (D:9)
  2 lindwurms (D:8)
  2 cyclopes (D:8)
  A rime drake (D:9)
  A red devil (Orc:2)
  5 trolls
  4 wraiths
  A wyvern (D:7)
  12 yaks
  A steam dragon (D:8)
  2 wargs
  2 acid dragons (D:9)
  Edmund (D:6)
  A water moccasin (D:10)
  Duvessa (D:6)
  3 ice beasts
  22 orc warriors
  2 black bears
  A hornet zombie (D:9)
  4 sky beasts
  7 centaurs
  A boggart (shapeshifter) (Sewer)
  11 ogres
  3 phantoms
  Blork the orc (D:5)
  A kobold brigand (D:8)
  11 bullfrogs
  A water moccasin zombie (Ossuary)
  3 scorpions
  Dowan (D:6)
  10 killer bees
  3 wights
  A howler monkey (D:5)
  A centaur zombie (D:8)
  2 bullfrog zombies
  A crimson imp (D:8)
  A quasit (D:6)
  3 hounds
  A jelly (D:5)
  Crazy Yiuf (D:2)
  26 orc priests
  6 iguanas
  Natasha (twice) (D:4)
  2 bullfrog skeletons
  5 centaur skeletons
  23 orc wizards
  4 worker ants
  A killer bee zombie (D:8)
  A hound zombie (D:5)
  A hound skeleton (D:9)
  2 mummies (Ossuary)
  A worker ant zombie (D:10)
  15 adders
  6 river rats (Sewer)
  2 shadow imps
  A white imp (D:8)
  3 ufetubi (D:9)
  3 oozes
  5 adder zombies
  4 adder skeletons
  A worm (D:5)
  4 dart slugs
  6 leopard geckos
  67 orcs
  6 ball pythons
  10 bats
  7 giant cockroaches
  10 goblins
  12 hobgoblins
  7 jackals
  2 quokkas
  7 frilled lizards
  5 gnoll zombies (Ossuary)
  4 hobgoblin zombies (Ossuary)
  28 kobolds
  3 kobold zombies (Ossuary)
  A leopard gecko skeleton (D:5)
  A leopard gecko zombie (D:6)
  7 orc zombies (Ossuary)
  2 quokka skeletons
  27 rats
470 creatures vanquished.

Vanquished Creatures (collateral kills)
  Fannar (D:10)
  2 two-headed ogres
  A sun demon (Orc:2)
  An orc knight (Orc:2)
  4 orc warriors
  An ogre (D:11)
  5 orc priests
  8 orcs (Orc:2)
23 creatures vanquished.

Vanquished Creatures (others)
  12 dancing weapons
  2 withered plants (Orc:2)
14 creatures vanquished.

Grand Total: 507 creatures vanquished
